[Event "*** Titled Tuesday 3|2 Blitz"]
[Site "Chess.com"]
[Date "2016.06.07"]
[Round "4"]
[White "Danirod"]
[Black "attack2mateU"]
[Result "1-0"]
[WhiteElo "2440"]
[BlackElo "2430"]
[TimeControl "180+2"]
[EndTime "17:45:24 PDT"]
[Termination "Danirod won by resignation"]

1. e4 c5 2. Nf3 d6 3. d4 cxd4 4. Nxd4 Nf6 5. Nc3 a6 6. Be3 e6 7. g4 e5 8. Nf5 h5 9. f3 hxg4 10. fxg4 g6 11. Qf3 gxf5 12. exf5 Bd7 13. Bg2 Bc6 14.
Qg3 Nbd7 15. O-O-O Qc7 16. g5 Nh5 17. Qf2 O-O-O 18. Nd5 Bxd5 19. Bxd5 Nc5 20. b4 Na4 21. Rd3 Nf4 22. Bxf4 exf4 23. Qd4 Rh4 24. Bb3 Nc5 25.
bxc5 dxc5 26. Qxd8+ Qxd8 27. Rxd8+ Kxd8 28. Bxf7 Bd6 29. Bd5 b5 30. f6 Rh5 31. h4 Kd7 32. Bf7 Rh8 33. h5 Be5 34. h6 f3 35. h7 f2 36.
Bg8 c4 37. Kd1 b4 38. Ke2 1-0

[Event "*** Titled Tuesday 3|2 Blitz"]
[Site "Chess.com"]
[Date "2016.06.07"]
[Round "4"]
[White "Yaacovn"]
[Black "Fandorine"]
[Result "0-1"]
[WhiteElo "2615"]
[BlackElo "2617"]
[TimeControl "180+2"]
[EndTime "17:45:37 PDT"]
[Termination "Fandorine won by resignation"]

1. d4 Nf6 2. Nf3 e6 3. c4 b6 4.
g3 Bb7 5. Bg2 Be7 6. O-O O-O 7.
Nc3 Ne4 8. Bd2 Bf6 9. Qc2 Nxd2 10. Qxd2 d6 11. Rad1 Nd7 12. Qc2 g6 13. Rfe1 Bg7 14.
e3 a6 15. Nh4 Bxg2 16. Nxg2 Nf6 17. Qe2 Qe7 18. Nf4 c5 19. Qf3 Rac8 20. b3 Rfd8 21. Kg2 Rb8 22. Qe2 Qb7+ 23. Qf3 Qc7 24. Rc1 b5 25. cxb5 axb5 26. dxc5 dxc5 27. Red1 Nd7 28.
Qe2 c4 29. bxc4 bxc4 30. h4 Qc6+ 31. Qf3 Qxf3+ 32. Kxf3 Bxc3 33. Rxc3 Ne5+ 34. Ke4 Rxd1 35.
Kxe5 Rb5+ 36. Kf6 e5 37. Nh3 Rd6+ 38. Ke7 Re6+ 39. Kd7 Rd5+ 40. Kc7 Rc5+ 41. Kd7 h6 42. Ng1 Ra6 43. a3 Rb6 44. h5 Rb3 45. Ne2 Rd5+ 46. Kc6 Rxc3 47. Nxc3 Rd3 48. Ne2 c3 49. Kc5 c2 50. a4 Rd2 51. Nc1 Rd1 52. Nb3 Rb1 0-1

[Event "*** Titled Tuesday 3|2 Blitz"]
[Site "Chess.com"]
[Date "2016.06.07"]
[Round "4"]
[White "hangemhigh"]
[Black "kikydu96"]
[Result "1-0"]
[WhiteElo "2228"]
[BlackElo "2380"]
[TimeControl "180+2"]
[EndTime "17:45:48 PDT"]
[Termination "hangemhigh won by resignation"]

1. d4 d5 2. Bf4 Nf6 3. e3 c6 4. c4 Bf5 5. Nc3 e6 6. Qb3 Qb6 7. c5 Qxb3 8. axb3 Nbd7 9. b4 Nh5 10. Bg5 h6 11. Bh4 g5 12. Be2 gxh4 13. Bxh5 Rg8 14.
Kf1 e5 15. h3 Bg7 16. Nf3 exd4 17. exd4 Nf6 18. Nxh4 Bh7 19. Bg4 Nxg4 20. hxg4 Bxd4 21. Re1+ Kd7 22. Nf5 Rxg4 23. Nxd4 Rxd4 24. Rxh6 Bd3+ 25.
Kg1 Rxb4 26. Rd6+ Kc7 27. Re7+ Kc8 28. Re8+ Kc7 29. Rxa8 Rxb2 30. Rdd8 Bf5 31. Rf8 Be6 32. f4 d4 33. f5 Bd7 34. Ne4 Re2 35. Nf6 d3 36. Rxf7 1-0

[Event "*** Titled Tuesday 3|2 Blitz"]
[Site "Chess.com"]
[Date "2016.06.07"]
[Round "4"]
[White "chickencrossroad"]
[Black "tactics321"]
[Result "0-1"]
[WhiteElo "2239"]
[BlackElo "2217"]
[TimeControl "180+2"]
[EndTime "17:45:49 PDT"]
[Termination "tactics321 won on time"]

1. e4 e5 2. Nf3 Nc6 3. Bb5 Nf6 4. O-O Nxe4 5. d4 Nd6 6. Bxc6 dxc6 7. dxe5 Nf5 8.
Qxd8+ Kxd8 9. Nc3 Bd7 10. Bf4 h6 11. h3 Kc8 12. Rad1 Be6 13. Ne4 b6 14. Nd4 Nxd4 15. Rxd4 c5 16. Rd2 Kb7 17. Be3 Be7 18. f4 Rad8 19.
f5 Rxd2 20. Nxd2 Bd5 21. c4 Bc6 22. g4 Rd8 23. Kf2 Bg5 24. Ke2 Re8 25. Bxg5 hxg5 26. f6 Rxe5+ 27. Kd3 g6 28. Nf3 Bxf3 29. Rxf3 Re6 30.
Rf2 Kc6 31. Rf1 Kd6 32. Rf2 Ke5 33. h4 gxh4 34. g5 h3 35. Rh2 Kf5 36. Rxh3 Kxg5 37. Rh8 Kxf6 38. Rc8 Re7 0-1

[Event "*** Titled Tuesday 3|2 Blitz"]
[Site "Chess.com"]
[Date "2016.06.07"]
[Round "4"]
[White "michaelq2d5"]
[Black "WanderingPuppet"]
[Result "1-0"]
[WhiteElo "2474"]
[BlackElo "2273"]
[TimeControl "180+2"]
[EndTime "17:46:07 PDT"]
[Termination "michaelq2d5 won on time"]

1. d4 Nf6 2. c4 g6 3. Nc3 Bg7 4. e4 d6 5. Be2 O-O 6. Nf3 Nbd7 7. Be3 e5 8. d5 a5 9. Nd2 Ne8 10. a3 f5 11. f3 Nef6 12. b4 Nh5 13. c5 Qh4+ 14.
Bf2 Qg5 15. g3 Bh6 16. Nc4 Qe7 17. cxd6 cxd6 18. O-O Nhf6 19. Nxa5 fxe4 20. fxe4 Rf7 21. Nc4 b5 22. Na5 Ba6 23. Nc6 Qf8 24. Kg2 Nb8 25. Bxb5 Bxb5 26. Nxb5 Nxe4 27. Bg1 Nd2 28. Rxf7 Qxf7 29.
Nc3 e4 30. Ra2 Nxc6 31. dxc6 Nf3 32. Re2 d5 33. Qxd5 Qxd5 34. Nxd5 Bg7 35. c7 Kf7 36. Rxe4 Ng5 37. Re7+ Kf8 38. Bc5 1-0

[Event "*** Titled Tuesday 3|2 Blitz"]
[Site "Chess.com"]
[Date "2016.06.07"]
[Round "4"]
[White "cheese111"]
[Black "ilya261991"]
[Result "0-1"]
[WhiteElo "2293"]
[BlackElo "2551"]
[TimeControl "180+2"]
[EndTime "17:46:16 PDT"]
[Termination "ilya261991 won by resignation"]

1. e4 c5 2. Nf3 d6 3. Bb5+ Nd7 4. d4 cxd4 5. Qxd4 Nf6 6. Nc3 e5 7. Qd3 a6 8. Bxd7+ Bxd7 9. Bg5 h6 10. Bxf6 Qxf6 11. Nd5 Qd8 12. O-O Rc8 13. Rfd1 h5 14. c4 Rh6 15. Rac1 b6 16. Qa3 a5 17. Qb3 Rc6 18.
Nd2 Rg6 19. Qe3 Be7 20. Rc3 Bg5 21. Qe2 h4 22. h3 Bh6 23. Nf3 Bxh3 24. Ne1 Bg4 25. f3 Bc8 26. f4 Bg4 27. Nf3 exf4 28. Rc2 h3 29. Qd3 hxg2 30. e5 Bxf3 31. Qxf3 dxe5 32.
Nxf4 Qh4 33. Nxg6 Qh1+ 34. Kf2 Rf6 35. Nxe5 Rxf3+ 36. Nxf3 Qxd1 0-1

[Event "*** Titled Tuesday 3|2 Blitz"]
[Site "Chess.com"]
[Date "2016.06.07"]
[Round "4"]
[White "1stSecond"]
[Black "ShimanovAlex"]
[Result "0-1"]
[WhiteElo "2602"]
[BlackElo "2654"]
[TimeControl "180+2"]
[EndTime "17:46:20 PDT"]
[Termination "ShimanovAlex won by resignation"]

1. Nf3 Nf6 2. c4 c6 3. Nc3 d5 4.
d4 a6 5. c5 Bf5 6. Bf4 Nbd7 7. e3 e6 8. Bd3 Bg4 9. Qb3 Bxf3 10.
gxf3 Qc8 11. h4 g6 12. O-O-O Be7 13. Rdg1 Nh5 14. Bh6 Qc7 15. f4 b6 16. cxb6 Nxb6 17. Kb1 Rb8 18. Qc2 f5 19. Na4 Nxa4 20. Qxa4 Kf7 21.
Rc1 Rb6 22. Bg5 Bd6 23. Bh6 Rhb8 24. Rc2 a5 25. b3 Nf6 26. Bg5 Nd7 27. h5 Qb7 28.
hxg6+ hxg6 29. f3 Nf8 30. e4 Rb4 31. Qxc6 Rxb3+ 32. axb3 Qxb3+ 33. Kc1 Qxd3 34. Rh7+ Nxh7 35. Qd7+ Kg8 36. Qxe6+ Kg7 37. Qd7+ Kh8 38. Rc8+ Rxc8+ 39. Qxc8+ Nf8 40. Bf6+ Kg8 41. Qb7 Ba3+ 0-1

[Event "*** Titled Tuesday 3|2 Blitz"]
[Site "Chess.com"]
[Date "2016.06.07"]
[Round "4"]
[White "Ar4uha"]
[Black "bugsbunny444"]
[Result "0-1"]
[WhiteElo "2339"]
[BlackElo "2367"]
[TimeControl "180+2"]
[EndTime "17:46:23 PDT"]
[Termination "bugsbunny444 won by checkmate"]

1. e4 e6 2. c4 d5 3. exd5 exd5 4.
cxd5 Nf6 5. Bb5+ Nbd7 6. Nc3 Be7 7. d4 O-O 8. Nf3 Nb6 9. O-O Nbxd5 10. Re1 c6 11.
Bd3 Re8 12. Ne5 Be6 13. Bd2 Nb4 14. Be3 Nxd3 15. Qxd3 Nd5 16. Ne4 Qb6 17. b3 Rad8 18. Rad1 Bb4 19. Rf1 Bf5 20. g4 Bxe4 21. Qxe4 f6 22.
Rd3 Bd6 23. f4 fxe5 24. fxe5 Be7 25. Bc1 Rf8 26. Rf5 Nb4 27. Rd1 Qb5 28. Bb2 Qd5 29. Qb1 c5 30. Rc1 cxd4 31. Rc7 Nc6 32. Qd3 Rxf5 33.
Qxf5 d3 34. e6 Qxf5 35. gxf5 d2 36. Kf2 d1=Q 37. f6 Qd2+ 38. Kg3 gxf6 39. Kg4 Qxb2 40.
Kf5 Qe5+ 41. Kg4 Rd4+ 42. Kf3 Qxc7 43. Ke3 Qe5+ 44. Kf3 Qe4+ 45. Kf2 Rd3 46. Kf1 Qf3+ 47. Ke1 Rd1# 0-1

[Event "*** Titled Tuesday 3|2 Blitz"]
[Site "Chess.com"]
[Date "2016.06.07"]
[Round "4"]
[White "Andrejkin"]
[Black "silverback96"]
[Result "0-1"]
[WhiteElo "2138"]
[BlackElo "2046"]
[TimeControl "180+2"]
[EndTime "17:46:30 PDT"]
[Termination "silverback96 won by resignation"]

1. d4 c5 2. dxc5 e6 3. Nc3 Bxc5 4. Ne4 Bb6 5. Nd6+ Kf8 6. Nf3 Nf6 7. g3 Qc7 8. Nxc8 Ne4 9. e3 Qxc8 10. Bg2 Ba5+ 11. Bd2 Bxd2+ 12. Nxd2 Nxd2 13. Qxd2 d5 14. O-O Nc6 15.
c4 dxc4 16. Rac1 Ke7 17. Qc3 f6 18. Qa3+ Kf7 19. Rxc4 Rd8 20. Rfc1 Qd7 21. Bxc6 bxc6 22. Rxc6 Rac8 23. Rxc8 Rxc8 24. Rxc8 Qxc8 25. Qxa7+ Kg6 26.
Qd4 Qc1+ 27. Kg2 Qc6+ 28. e4 f5 29. b4 fxe4 30. Qc5 Qa6 31. Qc2 Qb7 32. a3 Kf7 33.
Kg1 Qd5 34. Qc7+ Kg6 35. Qc2 h5 36. a4 Kf7 37. Qc7+ Kg6 38. Qc2 Kf7 39. b5 g5 40.
Qb1 h4 41. b6 h3 42. b7 e3 43. Qh7+ Kf6 44. Qh6+ Kf7 45. Qh5+ Kf6 46. Qh8+ Kf7 47. Qh7+ Kf6 48. Qh6+ Kf7 49. Qh5+ Kg7 50. Qh8+ Kxh8 51. b8=Q+ Kg7 52. Qc7+ Kh6 0-1

[Event "*** Titled Tuesday 3|2 Blitz"]
[Site "Chess.com"]
[Date "2016.06.07"]
[Round "4"]
[White "hermionegrangermagic"]
[Black "Silent_Terror"]
[Result "0-1"]
[WhiteElo "2283"]
[BlackElo "2500"]
[TimeControl "180+2"]
[EndTime "17:46:37 PDT"]
[Termination "Silent_Terror won by resignation"]

1. Nf3 e6 2. d4 Nf6 3. c4 b6 4. g3 Bb7 5. Bg2 c5 6. O-O cxd4 7. Nxd4 Bxg2 8. Kxg2 Qc7 9. Qd3 Qb7+ 10. Kg1 Be7 11.
Nc3 a6 12. e4 d6 13. f4 Nbd7 14. Re1 O-O 15. a3 Rac8 16. Nc2 Nc5 17. Qe2 Rfe8 18.
Nd4 d5 19. cxd5 exd5 20. e5 Nfe4 21. Qg4 Nxc3 22. bxc3 Ne4 23. Nf5 Bf8 24. Be3 g6 25.
Bd4 h5 26. Qh3 gxf5 27. Qxf5 Qc6 28. Qxh5 Qg6 29. Qf3 Bc5 30. f5 Qg5 31. Kg2 Bxd4 32. cxd4 Rc3 33. Qf1 Rec8 34. Qf4 Qh5 35. Kg1 Rc2 36. h4 R8c3 37. Re3 Rxe3 38. Qxe3 Qg4 39. Rf1 Qh3 40. Rf2 Rxf2 41. Qxf2 Nxf2 42. Kxf2 Qh2+ 0-1

[Event "*** Titled Tuesday 3|2 Blitz"]
[Site "Chess.com"]
[Date "2016.06.07"]
[Round "4"]
[White "Mornar1951"]
[Black "Quiet_Desperation"]
[Result "1-0"]
[WhiteElo "2496"]
[BlackElo "2305"]
[TimeControl "180+2"]
[EndTime "17:46:37 PDT"]
[Termination "Mornar1951 won by resignation"]

1. Nf3 d5 2. d4 Nf6 3. c4 e6 4. g3 Be7 5. Bg2 O-O 6. O-O Nbd7 7. Nbd2 c6 8. b3 b6 9. Bb2 Bb7 10. Rc1 Rc8 11. e3 c5 12. Qe2 cxd4 13. Nxd4 Nc5 14. Rfd1 Ba6 15. Ba1 Ncd7 16. Qe1 Bb7 17.
cxd5 Nxd5 18. Nc4 Bb4 19. Qe2 Qe7 20. Nf5 exf5 21. Bxd5 Bxd5 22. Rxd5 Qe6 23. Rcd1 Nf6 24. Re5 Qc6 25. Rxf5 Ne4 26. Qg4 g6 27. Rfd5 Nf6 28.
Bxf6 Qxf6 29. Ne5 Rc2 30. Rf1 Qe7 31. a4 Rfc8 32. Nc4 Rc5 33. Qd4 Rxd5 34. Qxd5 Bc5 35. Rd1 Kg7 36. h4 h5 37. Qe5+ Qxe5 38. Nxe5 Rb2 39.
Rd3 Bb4 40. Kf1 f6 41. Nc6 Bc5 42. Nxa7 g5 43. Nb5 g4 44. Nd4 Bb4 45. Ne6+ Kf7 46. Nf4 Rb1+ 47. Kg2 1-0

[Event "*** Titled Tuesday 3|2 Blitz"]
[Site "Chess.com"]
[Date "2016.06.07"]
[Round "4"]
[White "oskariot"]
[Black "Bigfish1995"]
[Result "1-0"]
[WhiteElo "2433"]
[BlackElo "2594"]
[TimeControl "180+2"]
[EndTime "17:46:48 PDT"]
[Termination "oskariot won by checkmate"]

1. e4 e6 2. d4 d5 3. Nd2 Nd7 4. Ngf3 dxe4 5. Nxe4 Ngf6 6. Bd3 Be7 7. Bg5 h6 8. Nxf6+ Bxf6 9. Bxf6 Qxf6 10. Qe2 c5 11. dxc5 O-O 12. c3 Nxc5 13. Bc2 b6 14. O-O-O Bb7 15. b4 Ne4 16. Bxe4 Qxc3+ 17. Bc2 Qa1+ 18.
Kd2 Rfd8+ 19. Ke3 Qc3+ 20. Rd3 Qxb4 21. Rhd1 Qc5+ 22. Kf4 Rdc8 23. Bb3 Qf5+ 24. Kg3 Qg6+ 25. Kh3 Be4 26. Rd4 Qh5+ 27. Kg3 Qg6+ 28. Kh3 f5 29. Ne5 Qf6 30. Rxe4 fxe4 31. Qxe4 Rd8 32. Nd7 Qxf2 33. Bxe6+ Kh8 34. Ne5 Rxd1 35. Qxa8+ Kh7 36. Qg8# 1-0

[Event "*** Titled Tuesday 3|2 Blitz"]
[Site "Chess.com"]
[Date "2016.06.07"]
[Round "4"]
[White "ChessNinja48"]
[Black "Abrito99"]
[Result "1-0"]
[WhiteElo "2340"]
[BlackElo "2336"]
[TimeControl "180+2"]
[EndTime "17:46:50 PDT"]
[Termination "ChessNinja48 won by checkmate"]

1. d4 Nf6 2. Nf3 g6 3. c4 Bg7 4. Nc3 d6 5. e4 O-O 6. h3 e5 7. d5 a5 8. Bg5 Na6 9. Nd2 Qe8 10.
Be2 Nd7 11. O-O f5 12. exf5 Rxf5 13. Be3 Rf8 14. Bg4 Ndc5 15. Nde4 b6 16. Qd2 Bf5 17.
Bxf5 gxf5 18. Ng5 Qg6 19. f3 Kh8 20. Rae1 Bf6 21. Ne6 Nxe6 22. dxe6 Bh4 23. Bf2 Bxf2+ 24. Rxf2 Qxe6 25. Nd5 Rg8 26. f4 e4 27. Qd4+ Rg7 28.
Kh2 Rg8 29. Rg1 h5 30. Nf6 Qf7 31. Nxg8 Kxg8 32. g3 Nc5 33. b3 Kh7 34. Rfg2 Qe7 35. Qe3 Rg6 36. Rd1 Qg7 37. Rd5 h4 38. Rxf5 hxg3+ 39. Rxg3 Qb2+ 40. Kh1 Qb1+ 41. Rg1 Qxa2 42. Rh5+ Kg7 43. Rxg6+ Kxg6 44. Qg3+ Kf7 45. Rh7+ Kf6 46. Qg5+ Ke6 47. Qg6# 1-0

[Event "*** Titled Tuesday 3|2 Blitz"]
[Site "Chess.com"]
[Date "2016.06.07"]
[Round "4"]
[White "sandropozo"]
[Black "jcibarra"]
[Result "0-1"]
[WhiteElo "2410"]
[BlackElo "2641"]
[TimeControl "180+2"]
[EndTime "17:47:04 PDT"]
[Termination "jcibarra won by checkmate"]

1. d4 Nf6 2. Nf3 g6 3. c4 d6 4. g3 Bg7 5. Bg2 O-O 6. O-O Nc6 7. Nc3 Bf5 8. b3 Ne4 9. Bb2 Nxc3 10. Bxc3 Be4 11.
Rc1 d5 12. e3 a5 13. Nd2 Bxg2 14. Kxg2 e6 15. Qe2 Nb4 16. Nf3 c6 17. Rfd1 Qe7 18. a3 Na6 19. c5 Nc7 20. Bb2 a4 21. b4 Nb5 22. Ne5 f6 23. Nd3 e5 24. dxe5 fxe5 25. e4 d4 26. Rf1 Qe6 27. f4 exf4 28. gxf4 Rae8 29. Rce1 Qb3 30. Nc1 d3 31. Nxd3 Bxb2 32. Nxb2 Nxa3 33. Rf3 Qxb4 34. Nd3 Qb5 35. e5 Nc4 36. e6 Rf5 37. e7 Rf7 38. f5 Rfxe7 39. Qxe7 Rxe7 40. Rxe7 Nd2 41. Rfe3 Qb1 42. Ne1 Qxf5 43.
Re8+ Kg7 44. R8e7+ Kf6 45. Rxb7 Qf1+ 46. Kg3 Qg1+ 47. Kf4 Qg5# 0-1

[Event "*** Titled Tuesday 3|2 Blitz"]
[Site "Chess.com"]
[Date "2016.06.07"]
[Round "4"]
[White "Dlugy"]
[Black "platy3"]
[Result "0-1"]
[WhiteElo "2598"]
[BlackElo "2691"]
[TimeControl "180+2"]
[EndTime "17:47:07 PDT"]
[Termination "platy3 won by resignation"]

1. d4 Nf6 2. Bf4 c5 3. d5 e6 4. Nc3 d6 5. e4 e5 6. Bd2 Be7 7. Nf3 O-O 8. Be2 Na6 9. O-O Nc7 10. a4 Rb8 11. Bd3 Nfe8 12. Qe2 g6 13. Bh6 Ng7 14.
Nd2 a6 15. a5 Bd7 16. Kh1 f5 17. exf5 gxf5 18. f3 Rf6 19. Bxg7 Kxg7 20. g4 fxg4 21. fxg4 Qg8 22. Rxf6 Bxf6 23. Nde4 Nxd5 24. Nxd6 Kh8 25. Nxd5 Qxd5+ 26. Ne4 Bc6 27. Kg1 Rf8 28. Rf1 c4 29.
Rxf6 Rxf6 30. Nxf6 cxd3 31. cxd3 Qh1+ 32. Kf2 Qxh2+ 33. Ke1 Qg3+ 34. Qf2 Qxd3 35. Qf5 Qxf5 36. gxf5 Kg7 37. Ng4 h5 38. Nxe5 Kf6 39. Nd3 Kxf5 40.
Kf2 Ke4 41. Nc5+ Kd4 42. Ne6+ Kc4 43. Kg3 Kb4 44. Ng7 Kxa5 45. Nxh5 Kb4 46. Nf4 Kb3 47. Nd3 Kc2 48. Nc5 Kxb2 49. Kf4 a5 50. Ke3 a4 51. Nd3+ Kc3 52. Nc1 a3 53. Ne2+ Kb2 54. Nf4 a2 55. Nd3+ Kb1 0-1

[Event "*** Titled Tuesday 3|2 Blitz"]
[Site "Chess.com"]
[Date "2016.06.07"]
[Round "4"]
[White "Aguiar94"]
[Black "Keaton87"]
[Result "0-1"]
[WhiteElo "2336"]
[BlackElo "2460"]
[TimeControl "180+2"]
[EndTime "17:47:11 PDT"]
[Termination "Keaton87 won by checkmate"]

1. e4 c5 2. Nf3 d6 3. d4 Nf6 4.
Nc3 cxd4 5. Nxd4 g6 6. Be3 Bg7 7. f3 O-O 8. Qd2 Nc6 9. O-O-O d5 10. exd5 Nxd5 11. Nxc6 bxc6 12. Nxd5 cxd5 13. Qxd5 Qc7 14. Qc5 Qb7 15. b3 Bf5 16. Bd3 Rac8 17. Qa5 Bc3 18. Qa6 Qd5 19. Kb1 Qe5 20. Bc1 Be6 21.
Ba3 Bd5 22. h4 Rc6 23. Qxa7 Re6 24. Bc1 Ra8 25. Qf2 Qc7 26. Bb2 Bxb2 27. Kxb2 Qa5 28. a4 Rb6 29. Bb5 Rxb5 30. axb5 Qa2+ 31. Kc3 Rc8+ 32.
Kd3 Be6 33. g4 Qb2 34. Rd2 Qe5 35. Qd4 Qxb5+ 36. Ke3 h5 37. gxh5 Qxh5 38. c4 Rc5 39. Kf2 Rf5 40. Ra1 Qxf3+ 41. Kg1 Kh7 42. Rf2 Qg3+ 43.
Rg2 Qxb3 44. Ra8 f6 45. Qd8 Qe3+ 46. Kh2 Qe5+ 47. Kg1 Qe1+ 48. Kh2 Qxh4+ 49. Kg1 Qe1+ 50. Kh2 Rh5# 0-1

[Event "*** Titled Tuesday 3|2 Blitz"]
[Site "Chess.com"]
[Date "2016.06.07"]
[Round "4"]
[White "chesstatour"]
[Black "AllStarShark"]
[Result "0-1"]
[WhiteElo "2003"]
[BlackElo "2144"]
[TimeControl "180+2"]
[EndTime "17:47:17 PDT"]
[Termination "AllStarShark won on time"]

1. c4 e6 2. Nc3 d5 3. d4 Nf6 4. Nf3 Be7 5. Bf4 O-O 6. e3 b6 7. Be2 Bb7 8. O-O a6 9. Rc1 c5 10. cxd5 Nxd5 11. Nxd5 Qxd5 12. dxc5 Bxc5 13. Qxd5 Bxd5 14.
a3 a5 15. Rfd1 Nc6 16. Nd2 Rfd8 17. e4 Nd4 18. Bf1 Bb7 19. Bc4 Rd7 20. Kf1 Rad8 21. f3 Kf8 22. Be3 e5 23. Nb1 Ke8 24. Nc3 f6 25. Nd5 Bxd5 26. Bxd5 Rd6 27. Rc4 Ne6 28. Bxc5 Nxc5 29. b4 axb4 30. axb4 Ne6 31. Ra1 Nf4 32. Bc6+ Kf8 33. g3 Rd1+ 34. Rxd1 Rxd1+ 35. Kf2 Rd2+ 36. Kg1 Ne2+ 37. Kf1 Nd4 38. f4 Rd1+ 39. Kf2 Rd2+ 40.
Ke1 Rxh2 41. fxe5 fxe5 42. Bd5 Rc2 0-1

[Event "*** Titled Tuesday 3|2 Blitz"]
[Site "Chess.com"]
[Date "2016.06.07"]
[Round "4"]
[White "aspired"]
[Black "JustaTrickstar"]
[Result "0-1"]
[WhiteElo "2485"]
[BlackElo "2484"]
[TimeControl "180+2"]
[EndTime "17:47:32 PDT"]
[Termination "JustaTrickstar won by resignation"]

1. e4 c5 2. Nf3 e6 3. d4 cxd4 4. Nxd4 Bc5 5. Nb3 Bb6 6. c4 Nc6 7. Nc3 Nge7 8. g3 O-O 9. Bg2 d6 10. O-O a6 11. Qe2 f5 12. Rd1 Qc7 13. Bf4 e5 14.
Bg5 h6 15. Bxe7 Nxe7 16. Rac1 f4 17. Kh1 Be6 18. Na4 Bc5 19. Naxc5 dxc5 20. Rd5 b6 21. Nd2 Nc6 22. Qh5 Rae8 23. Nf3 Bf7 24. Qg4 Bxd5 25.
cxd5 Nd4 26. Nxd4 exd4 27. Kg1 Rf6 28. b4 Qd6 29. bxc5 bxc5 30. Qd1 Ref8 31. Qc2 fxg3 32. fxg3 Rf2 33. Qxc5 Qf6 34. d6 d3 35. Qd5+ Kh8 36. e5 Qg5 37. Rd1 Qe3 38. Kh1 d2 39. Rg1 Re2 40. d7 Qxg1+ 41. Kxg1 Re1+ 42. Bf1 Rexf1+ 43. Kg2 d1=Q 44. Qxd1 Rxd1 45. e6 Rd8 46. e7 R1xd7 47. exd8=Q+ Rxd8 0-1

[Event "*** Titled Tuesday 3|2 Blitz"]
[Site "Chess.com"]
[Date "2016.06.07"]
[Round "4"]
[White "Ksenia_Legenko"]
[Black "Generalas"]
[Result "0-1"]
[WhiteElo "2039"]
[BlackElo "2224"]
[TimeControl "180+2"]
[EndTime "17:47:34 PDT"]
[Termination "Generalas won by resignation"]

1. d4 d5 2. c4 c6 3. Nf3 Nf6 4.
g3 Nbd7 5. Bg2 e6 6. O-O Bd6 7. Qc2 O-O 8. Nbd2 Re8 9. e4 dxe4 10. Nxe4 Nxe4 11. Qxe4 e5 12. Re1 Nf6 13. Qc2 exd4 14. Rxe8+ Qxe8 15. c5 Bc7 16. Bg5 Nd5 17. Re1 Qf8 18.
Nxd4 h6 19. Bxd5 cxd5 20. Be7 Qe8 21. Re3 Bh3 22. Qe2 Qd7 23. b4 Re8 24. b5 Bd8 25.
Bd6 Rxe3 26. Qxe3 Bf6 27. Be5 Qg4 28. f3 Bg5 29. Qe2 Qc8 30. c6 bxc6 31. bxc6 Be7 32. c7 Bc5 33. Qb2 Bd7 34. Qb8 f6 35. f4 fxe5 36. fxe5 Bxd4+ 37. Kg2 Bxe5 38. Qxc8+ Bxc8 0-1

[Event "*** Titled Tuesday 3|2 Blitz"]
[Site "Chess.com"]
[Date "2016.06.07"]
[Round "4"]
[White "FabianEnglert"]
[Black "Penguininja"]
[Result "1/2-1/2"]
[WhiteElo "2363"]
[BlackElo "2224"]
[TimeControl "180+2"]
[EndTime "17:47:42 PDT"]
[Termination "Game drawn by repetition"]

1. Nf3 Nf6 2. c4 c5 3. Nc3 Nc6 4. d4 cxd4 5. Nxd4 g6 6. e4 Bg7 7. Be3 O-O 8. Be2 d6 9. O-O Bd7 10. Qd2 Rc8 11. Rfc1 a6 12. Rab1 Ng4 13. Bxg4 Bxg4 14.
f3 Bd7 15. b3 Re8 16. Rc2 Qa5 17. Nd5 Qxd2 18. Rxd2 Nxd4 19. Bxd4 Bxd4+ 20. Rxd4 Rc6 21. Rbd1 Be6 22. a4 Bxd5 23. Rxd5 Rec8 24. Kf2 Rc5 25. Ke3 Rxd5 26. Rxd5 Rc5 27. Kd4 Rc7 28. f4 Kf8 29. f5 Rc6 30. a5 h6 31. fxg6 fxg6 32. e5 dxe5+ 33. Kxe5 Kf7 34. Rd7 Rc5+ 35. Rd5 Rc7 36. g4 Rc6 37. Kd4 Ke6 38. h4 Rc8 39. h5 g5 40. Rf5 Rd8+ 41. Kc5 Rd6 42. Rf8 Rc6+ 43. Kb4 Kd7 44. Rh8 Rf6 45. Kc5 Rc6+ 46. Kd5 Rf6 47.
Ke5 Re6+ 48. Kf5 Rf6+ 49. Ke5 Re6+ 50. Kd4 Rd6+ 51. Kc3 Rf6 52. Kb4 Re6 53. Rb8 Kc7 54. Rh8 Rf6 55. Rh7 Kd7 56. Ka4 Rc6 57. Kb4 Rf6 58.
Ka4 Rc6 59. Kb4 Rf6 60. Ka4 1/2-1/2

[Event "*** Titled Tuesday 3|2 Blitz"]
[Site "Chess.com"]
[Date "2016.06.07"]
[Round "4"]
[White "Evgeny_Levin"]
[Black "champ1000"]
[Result "1-0"]
[WhiteElo "2718"]
[BlackElo "2101"]
[TimeControl "180+2"]
[EndTime "17:47:52 PDT"]
[Termination "Evgeny_Levin won by resignation"]

1. c4 e5 2. Nc3 Nf6 3. g3 Nc6 4. Bg2 Bc5 5. e3 d5 6. cxd5 Nb4 7. d3 Nbxd5 8. Nxd5 Nxd5 9. a3 c6 10. Nf3 Bd6 11. O-O O-O 12. b3 Re8 13. Bb2 h6 14.
Qc2 a5 15. Rfd1 Bg4 16. Qc4 Be6 17. Qc2 Bg4 18. Re1 Qd7 19. Nd2 Bh3 20. Bh1 Bf8 21. Nc4 Qc7 22. Rac1 Rad8 23. Qd2 b6 24. Qe2 c5 25.
Qh5 Be6 26. Bxe5 Qe7 27. Bb2 b5 28. Ne5 Nf6 29. Qe2 Qd6 30. Qc2 Bd5 31. Bxd5 Qxd5 32. f4 b4 33. a4 Nd7 34. e4 Qd6 35. Nc4 Qg6 36. f5 Qg4 37. Kg2 h5 38. h3 Qg5 39. Rcd1 h4 40. g4 Nf6 41. Bc1 Nxe4 42.
Bxg5 Nxg5 43. Qf2 f6 44. Rxe8 Rxe8 45. Re1 Rd8 46. Re3 Nf7 47. Qxh4 Rd4 48. Qe1 Nd6 49. Qe2 Nxc4 50. dxc4 Bd6 51. Rd3 Be5 52. Rxd4 Bxd4 53.
Kf3 Kf7 54. Ke4 Be5 55. Kd5 Ke7 56. Kxc5 Kd7 57. Kb5 Kc7 58. c5 1-0

[Event "*** Titled Tuesday 3|2 Blitz"]
[Site "Chess.com"]
[Date "2016.06.07"]
[Round "4"]
[White "severomorskij"]
[Black "IIIlllII1llIl"]
[Result "0-1"]
[WhiteElo "2594"]
[BlackElo "2437"]
[TimeControl "180+2"]
[EndTime "17:47:58 PDT"]
[Termination "IIIlllII1llIl won on time"]

1. d4 Nf6 2. c4 c5 3. d5 e6 4. Nc3 exd5 5. cxd5 d6 6. e4 g6 7. f4 Bg7 8. Bb5+ Nfd7 9. a4 O-O 10. Nf3 Na6 11. O-O Nb4 12. Re1 a6 13. Bf1 Re8 14.
Be3 Nf6 15. Bf2 Bg4 16. h3 Bxf3 17. Qxf3 Nc2 18. Bh4 Nxe1 19. Rxe1 Qc7 20. Bc4 Nd7 21.
e5 Nb6 22. Ba2 dxe5 23. f5 Nc8 24. f6 Bf8 25. Bg3 c4 26. h4 b5 27. h5 b4 28. Ne4 b3 29. Bb1 Nd6 30. hxg6 hxg6 31.
Ng5 c3 32. bxc3 Bh6 33. Ne4 Nf5 34. Bf2 Rad8 35. g4 Nd6 36. g5 Bf8 37. Kg2 Nxe4 38. Bxe4 Rc8 39. d6 Bxd6 40. Rh1 Qxc3 41. Be3 Qb2+ 42. Kg3 Rc3 43. Kg4 Rxe3 44. Qxe3 Qd4 45.
Qf3 Rc8 46. Rd1 Qb4 47. Qh1 Rc4 48. Re1 b2 49. Kf3 Rxe4 50. Rxe4 b1=Q 0-1

[Event "*** Titled Tuesday 3|2 Blitz"]
[Site "Chess.com"]
[Date "2016.06.07"]
[Round "4"]
[White "aripov96"]
[Black "FearlessKing64"]
[Result "1-0"]
[WhiteElo "2245"]
[BlackElo "2095"]
[TimeControl "180+2"]
[EndTime "17:48:09 PDT"]
[Termination "aripov96 won by checkmate"]

1. Nf3 Nf6 2. g3 g6 3. Bg2 Bg7 4. O-O O-O 5. c4 d5 6. cxd5 Nxd5 7. Nc3 Nb6 8. d4 Nc6 9. e3 a5 10. Qe2 Bg4 11. Rd1 Nb4 12. h3 Bxf3 13. Bxf3 c6 14. a3 N4d5 15. e4 Nxc3 16. bxc3 Qd7 17. Rb1 Ra6 18. Be3 Na4 19. Qc2 b5 20. c4 Rc8 21.
Qd3 Rb6 22. Bg4 e6 23. cxb5 Rxb5 24. Rdc1 Rcb8 25. Rxb5 cxb5 26. Qc2 Nb6 27. d5 Nc4 28. Bf4 Rc8 29. dxe6 fxe6 30. Rd1 Qe7 31. Qb3 h5 32. Be2 a4 33. Qxb5 Nxa3 34. Qxa4 e5 35. Rd7 Qe8 36.
Qb3+ Kh8 37. Qb7 Qf8 38. Be3 Nc4 39. Bxc4 Rxc4 40. Kg2 Rc8 41. Rf7 Qg8 42. Rxg7 Qxg7 43. Qxc8+ Kh7 44. Qe6 Kh8 45. Qd5 Kh7 46. Bc5 h4 47.
Bd6 hxg3 48. Kxg3 Qf6 49. Bxe5 Qg5+ 50. Kf3 Qh5+ 51. Ke3 Qxh3+ 52. f3 Qf1 53. Qf7+ Kh6 54. Bf4+ g5 55. Qf6+ Kh7 56. Qf5+ Kg8 57. Qxg5+ Kf8 58. Bd6+ Kf7 59. Qf5+ Kg8 60. Qg6+ Kh8 61. Be5# 1-0